 Dungeon Crawl Stone Soup version 0.30-a0-568-g124715a40b (webtiles) character file.

Game seed: 13664036987221498764

4706 billz999 the Fighter (level 10, -4/83 HPs)
             Began as a Djinni Ice Elementalist on Dec 29, 2022.
             Was a Believer of Makhleb.
             Slain by a troll (10 damage)
             ... on level 9 of the Dungeon.
             The game lasted 00:17:39 (7958 turns).

billz999 the Fighter (Djinni Ice Elementalist)      Turns: 7958, Time: 00:17:39

Health: -4/83      AC:  3    Str:  7    XL:     10   Next: 73%
Gold:   564        EV: 14    Int: 20    God:    Makhleb [**....] SH:  0 Dex: 21

rFire   + + .      SeeInvis .    m - +7 shortbow "Yloiq" {flame, rPois}
rCold   x . .      Faith    .    (shield currently unavailable)
rNeg    . . .      Spirit   .    a - +0 robe
rPois   ∞          Reflect  .    B - +0 helmet
rElec   .          Harm     .    (no cloak)
rCorr   .          Rampage  .    (no gloves)
Will    +....                    (boots unavailable)
Stlth   +++                      (no amulet)
HPRegen 0.33/turn                f - +6 ring of dexterity
MPRegen 0.00/turn                E - ring of wizardry

@: flying
A: sickness immunity, fire resistance 2, cold vulnerability 1, float, innate
caster, HP casting, extra vitality 1
a: Renounce Religion, Minor Destruction


You were on level 9 of the Dungeon.
You worshipped Makhleb.
Makhleb was pleased with you.
You visited 1 branch of the dungeon, and saw 9 of its levels.

You collected 564 gold pieces.

Inventory:

Hand Weapons
 l - a +0 morningstar
 m - the +7 shortbow "Yloiq" (weapon) {flame, rPois}
   (You acquired it on level 2 of the Dungeon)

   Any ammunition fired from it burns those it strikes, dealing additional fire
   damage.
   rPois:     It protects you from poison.
 C - the +7 hand axe "Ceiduvvi" {protect, Will++ Dex+4}
   (You found it on level 6 of the Dungeon)

   It grants its wielder temporary protection when it strikes (+7 to AC).
   Dex:       It affects your dexterity (+4).
   Will:      It greatly increases your willpower.
Missiles
 k - 49 poisoned darts
 n - 2 throwing nets
Armour
 a - a +0 robe (worn)
 B - a +0 helmet (worn)
Jewellery
 f - a +6 ring of dexterity (left hand)
 y - a ring of fire
 E - a ring of wizardry (right hand)
Wands
 q - a wand of flame (22)
Scrolls
 c - a scroll of poison
 h - 2 scrolls of fog
 i - 2 scrolls of torment
 o - 3 scrolls of teleportation
 r - 2 scrolls of summoning
 w - 3 scrolls of vulnerability
 x - a scroll of magic mapping {unknown}
Potions
 b - a potion of magic
 d - 10 potions of curing
 e - 2 potions of heal wounds {unknown}
 g - 2 potions of invisibility {unknown}
 j - 3 potions of haste
 p - 4 potions of brilliance {unknown}
 s - a potion of ambrosia {unknown}
 t - 2 potions of resistance
 u - 2 potions of might {unknown}
 v - 2 potions of flight {unknown}
 z - 4 potions of cancellation {unknown}
 A - 3 potions of mutation {unknown}
 D - 2 potions of degeneration {unknown}
 F - a potion of lignification {unknown}


   Skills:
 * Level 11.4 Fighting
 + Level 6.7 Ranged Weapons
 - Level 3.6 Dodging
 - Level 2.9 Stealth
 - Level 4.2 Spellcasting


You couldn't memorise any spells.
You knew the following spells:

 Your Spells              Type           Power      Damage    Failure   Level
a - Freeze                Ice            84%        1d9       1%          1
b - Frozen Ramparts       Ice            42%        1d7       2%          3
c - Ozocubu's Armour      Ice            21%        N/A       2%          3
d - Summon Ice Beast      Ice/Summ       21%        N/A       9%          4
e - Necrotise             Necr           84%        1d8       1%          1
f - Static Discharge      Conj/Air       42%        2-4/arc   1%          2
g - Ignite Poison         Fire/Tmut/Pois 21%        N/A       2%          3
h - Anguish               Hex/Necr       10%        N/A       9%          4
Your spell library was empty.

Dungeon Overview and Level Annotations

Branches:
Dungeon (9/15)             Temple (0/1) D:6
   Lair: D:8-11         Orc: D:9-12

Altars:
Dithmenos
Gozag
Makhleb
Trog
Xom
The Shining One

Shops:
D:8 :


Innate Abilities, Weirdness & Mutations

You are immune to sickness and miasma.
You are immune to poison.
Your flesh is very heat resistant. (rF++)
You are vulnerable to cold. (rC-)
You float through the air rather than walking.
You learn spells naturally, not from books.
Your magical power is your life essence.
You have superior vitality. (+4 MHP)


Message History

Confirm with . or Enter, or press ? or * to list all spells.
The troll is struck by an arc of lightning.
The troll is severely wounded.
You are struck by an arc of lightning.
The lightning grounds out.
The troll bites you! The troll claws you! The troll claws you.
Casting: Static Discharge (safe; 1% risk of failure)
Confirm with . or Enter, or press ? or * to list all spells.
The troll is struck by an arc of lightning.
The troll is severely wounded.
You are struck by an arc of lightning.
The troll is struck by an arc of lightning.
The troll is almost dead.
You are struck by an arc of lightning.
The lightning grounds out.
The troll bites you!
* * * LOW HITPOINT WARNING * * *
The troll closely misses you. x2
Casting: Static Discharge (safe; 1% risk of failure)
Confirm with . or Enter, or press ? or * to list all spells.
The troll is struck by an arc of lightning.
The troll is almost dead.
You are struck by an arc of lightning.
* * * LOW HITPOINT WARNING * * *
The lightning grounds out.
* * * LOW HITPOINT WARNING * * *
The troll bites you!
* * * LOW HITPOINT WARNING * * *
The troll barely misses you. The troll claws you.
* * * LOW HITPOINT WARNING * * *
Okay, then.
Okay, then.
Okay, then.
Casting: Static Discharge (safe; 1% risk of failure)
Confirm with . or Enter, or press ? or * to list all spells.
Okay, then.
Fire: m) +7 shortbow "Yloiq" {flame, rPois}
Press: ? - help, Shift-Dir - straight line, f/p - troll
Aim: a troll (almost dead, 74% to hit)
You shoot an arrow. The arrow closely misses the troll.
The troll completely misses you. The troll claws you!
You die...

#....... #.......
###############.......
......................
.....................
#.............#####
#.............#
#.............#
#T@...........#
...................#
.....................
#####................
#.........<.......
#...............
#..............
#..........


You could see a troll.

Vanquished Creatures
  2 wyverns (D:8)
  Menkaure (D:7)
  An acid dragon (D:8)
  A sky beast (D:8)
  3 black bears
  A hornet zombie (D:8)
  3 orc warriors
  An ogre (D:7)
  2 phantoms
  5 bullfrogs
  3 necrophages
  4 kobold brigands
  A scorpion (D:5)
  8 wights
  A water moccasin zombie (D:4)
  5 killer bees (D:7)
  2 howler monkeys (D:7)
  5 electric eels (D:8)
  3 centaur zombies
  A hound (D:4)
  A human zombie (D:8)
  3 jellies
  6 orc priests
  A scorpion zombie (D:4)
  Terence (D:2)
  3 iguanas
  Natasha (twice) (D:2)
  4 orc wizards
  A killer bee zombie (D:8)
  A hound zombie (D:4)
  A hound skeleton (D:4)
  2 mummies (D:8)
  4 adders
  5 gnolls
  2 shadow imps
  3 white imps
  3 adder zombies (D:4)
  2 adder skeletons (D:4)
  2 dart slugs
  33 orcs
  5 ball pythons
  6 endoplasms
  5 giant cockroaches
  6 goblins
  8 hobgoblins
  4 jackals (D:1)
  18 kobolds
  4 quokkas
  4 bats
  4 frilled lizards
  4 rats
201 creatures vanquished.

Vanquished Creatures (collateral kills)
  Joseph (D:8)
  A necrophage (D:7)
  An orc wizard (D:8)
  3 kobolds (D:7)
6 creatures vanquished.

Vanquished Creatures (others)
  7 plants (D:8)
7 creatures vanquished.

Grand Total: 214 creatures vanquished

Notes
Turn   | Place    | Note
-------+----------+-------------------------------------------
     0 | D:1      | billz999 the Djinni Ice Elementalist began the quest for
                  | the Orb.
     0 | D:1      | billz999 set off with the following spells memorised:
                  | Freeze, Frozen Ramparts, Ozocubu's Armour, Summon Ice
                  | Beast.
     0 | D:1      | Reached XP level 1. HP: 15/15 MP: 0/0
   112 | D:1      | Reached XP level 2. HP: 16/21 MP: 0/0
   421 | D:1      | Reached XP level 3. HP: 24/25 MP: 0/0
   421 | D:1      | Learned a level 1 spell: Necrotise
  1065 | D:2      | Noticed Terence
  1075 | D:2      | Killed Terence
  1076 | D:2      | Reached XP level 4. HP: 10/31 MP: 0/0
  1436 | D:2      | Noticed Natasha
  1443 | D:2      | Killed Natasha
  1444 | D:2      | Reached XP level 5. HP: 31/35 MP: 0/0
  1444 | D:2      | Learned a level 2 spell: Static Discharge
  1447 | D:2      | Noticed Natasha
  1455 | D:2      | Killed Natasha
  1481 | D:2      | Found a shimmering altar of Xom.
  1900 | D:2      | Identified a scroll of acquirement
  1900 | D:2      | Acquired the +7 shortbow "Yloiq" {flame, rPois}
  1956 | D:3      | Reached XP level 6. HP: 39/41 MP: 0/0
  1984 | D:3      | Found a shimmering altar of Xom.
  2005 | D:3      | Reached skill level 1 in Fighting
  2492 | D:4      | Found a shadowy altar of Dithmenos.
  2531 | D:4      | Reached skill level 2 in Fighting
  2531 | D:4      | Reached skill level 1 in Ranged Weapons
  2736 | D:4      | Reached skill level 3 in Fighting
  2736 | D:4      | Reached XP level 7. HP: 45/50 MP: 0/0
  2736 | D:4      | Learned a level 3 spell: Ignite Poison
  3184 | D:5      | Entered Level 5 of the Dungeon
  3246 | D:5      | Reached skill level 4 in Fighting
  3457 | D:5      | Reached skill level 5 in Fighting
  3457 | D:5      | Reached XP level 8. HP: 59/59 MP: 0/0
  3717 | D:6      | Found a burning altar of Makhleb.
  3788 | D:6      | Became a worshipper of Makhleb the Destroyer
  3900 | D:6      | Found a staircase to the Ecumenical Temple.
  3944 | D:6      | Reached skill level 6 in Fighting
  4036 | D:6      | Identified the +7 hand axe "Ceiduvvi" {protect, Will++
                  | Dex+4}
  4291 | D:7      | Reached * piety under Makhleb
  4352 | D:7      | Reached skill level 7 in Fighting
  4521 | D:7      | Reached XP level 9. HP: 66/68 MP: 0/0
  4521 | D:7      | Learned a level 4 spell: Anguish
  4541 | D:7      | Reached skill level 8 in Fighting
  4860 | D:7      | Found a bloodstained altar of Trog.
  4871 | D:7      | Reached skill level 5 in Ranged Weapons
  5057 | D:7      | Found a glowing golden altar of the Shining One.
  5079 | D:7      | Reached skill level 9 in Fighting
  5277 | D:7      | Noticed Menkaure
  5282 | D:7      | Killed Menkaure
  5785 | D:8      | Reached ** piety under Makhleb
  5786 | D:8      | Reached XP level 10. HP: 44/79 MP: 0/0
  5943 | D:8      | Reached skill level 10 in Fighting
  6042 | D:8      | Found an opulent altar of Gozag.
  6101 | D:8      | Noticed Joseph
  6117 | D:8      | Killed Joseph
  6666 | D:8      | Reached skill level 11 in Fighting
  6804 | D:8      | Found Enuatoic's Book Emporium.
  7958 | D:9      | Slain by a troll

Illustrated notes

Levels and vault maps discovered:
D:1:      sevenhm_arrival_forest_fort_small_3, layout_basic
D:2:      layout_basic, basic_altar, uniq_terence, uniq_natasha
D:3:      layout_rooms, mainiacjoe_overflow_chevrons, serial_corexii_hall,
          corexii_hall_statues_i, corexii_hall_statues_l
D:4:      layout_basic, grunt_dithmenos_smoke_and_mirrors, serial_undead,
          serial_undead_d, serial_undead_e, serial_undead_f, serial_undead_e,
          serial_undead_d, serial_undead_d, serial_undead_c
D:5:      layout_cave_pools, kennysheep_generic_room_9
D:6:      layout_basic, mainiacjoe_overflow_surrounded_room,
          lemuel_blue_sif_altar, minmay_temple_entry_glass, lightli_orcish_oven
D:7:      layout_loops_cross, overflow_temple_1_default, trog_antimagical,
          uniq_menkaure
D:8:      layout_basic, grunt_gozag_breadcrumbs,
          lemuel_mausoleum_altar_kikubaaqudgha, serial_shops, shop,
          serial_bayou, serial_bayou_pond_b, serial_bayou_shore_a,
          serial_bayou_pond_b, serial_bayou_pond_b, uniq_joseph
D:9:      layout_long_grid, nicolae_overflow_crystal_walls,
          gammafunk_temple_overflow_claw, serial_shops,
          nicolae_shop_hallway_plus, shop_statue, uniq_erica

Skill      XL: |  1  2  3  4  5  6  7  8  9 10 |
---------------+-------------------------------+-----
Stealth        | 2 |  2.9
Dodging        | 3 |  3.6
Spellcasting   | 4 |  4.2
Fighting       | 3 5 7 9 11 | 11.4
Ranged Weapons | 1 2 4 5 6 |  6.7

Action                   |  1- 3 |  4- 6 |  7- 9 | 10-12 || total
-------------------------+-------+-------+-------+-------++-------
Melee: Morningstar       |       |     1 |       |       ||     1
       Punch             |       |     1 |       |       ||     1
 Fire: Shortbow          |       |    59 |   164 |   109 ||   332
 Cast: Freeze            |    42 |    12 |    17 |     4 ||    75
       Frozen Ramparts   |     4 |     9 |    22 |    16 ||    51
       Necrotise         |     1 |    11 |       |       ||    12
       Ozocubu's Armour  |       |     1 |     1 |       ||     2
       Summon Ice Beast  |       |       |     1 |     3 ||     4
       Static Discharge  |       |       |       |     5 ||     5
  Use: Scroll            |       |     4 |     6 |       ||    10
Armor: Robe              |     5 |     9 |    11 |     9 ||    34
Dodge: Dodged            |    19 |    33 |    40 |    41 ||   133

Table legend: (Time is in decaauts)
 A = Elapsed time spent in this place.
 B = Non-inter-level travel time spent in this place.
 C = Inter-level travel time spent in this place.
 D = Time resting spent in this place.
 E = Time spent auto-exploring this place.
 F = Levels seen in this place.
 G = Mean time per level.
                   A        B        C        D        E       F      G
               +--------+--------+--------+--------+--------+-----+--------+
         Total |   8053 |   7697 |    356 |    973 |   5589 |   9 |  894.8 |
       Dungeon |   8053 |   7697 |    356 |    973 |   5589 |   9 |  894.8 |
               +--------+--------+--------+--------+--------+-----+--------+

Top non-repeatable levels by time:
     D:8: 2321 daAuts
     D:7: 1384 daAuts
     D:1: 1062 daAuts
     D:2: 847 daAuts
     D:4: 752 daAuts
     D:6: 558 daAuts
     D:3: 556 daAuts
     D:5: 534 daAuts
     D:9: 37 daAuts
